 Dungeon Crawl Stone Soup version 0.23.2-30-g0e89c35649 (webtiles) character file.

Game seed: 11483254996415933430

14763 Gildeon the Grappler (level 11, 0/109 HPs)
             Began as a Troll Fighter on June 23, 2019.
             Was the Champion of Cheibriados.
             Slain by a blink frog (18 damage)
             ... on level 4 of the Lair of Beasts on June 24, 2019.
             The game lasted 00:54:48 (10704 turns).

Gildeon the Grappler (Troll Fighter)               Turns: 10704, Time: 00:54:49

Health: 0/109      AC: 10    Str: 41    XL:     11   Next: 93%
Magic:  14/14      EV: 15    Int: 21    God:    Cheibriados [******]
Gold:   449        SH:  0    Dex: 25    Spells: 2/14 levels left

rFire    + . .     SeeInvis .     - Unarmed
rCold    . . .     Gourm    +   (no shield)
rNeg     . . .     Faith    .   i - +2 robe of Understanding {rF+}
rPois    .         Spirit   .   b - +2 hat
rElec    .         Reflect  .   o - scarf {repulsion}
rCorr    .         Harm     .   (gloves unavailable)
MR       .....                  (boots unavailable)
Stlth    +++.......             (no amulet)
HPRegen  0.68/turn              k - ring of stealth
MPRegen  0.14/turn              (no ring)

@: repel missiles, very slow
A: large, unfitting armour, claws 3, fast metabolism 3, gourmand, regeneration
1, shaggy fur 1, tough skin 3
a: Bend Time, Temporal Distortion, Slouch, Step From Time, Renounce Religion


You were on level 4 of the Lair of Beasts.
You worshipped Cheibriados.
Cheibriados was exalted by your worship.
You were very full.

You visited 3 branches of the dungeon, and saw 15 of its levels.

You collected 689 gold pieces.
You spent 240 gold pieces at shops.

Inventory:

Hand Weapons
 y - a +1 mace of protection
 F - a +1 whip of flaming
 J - the +8 rapier of Callousness {venom, +Blink rC+ Str+4, unknown}
   (You found it on level 9 of the Dungeon)

   It poisons the flesh of those it strikes.
   It affects your strength (+4).
   It protects you from cold.
   It lets you blink.
Missiles
 w - 4 tomahawks of returning (quivered)
 I - 2 javelins of penetration
Armour
 b - a +2 hat (worn)
 i - the +2 robe of Understanding (worn) {rF+}
   (You found it on level 9 of the Dungeon)

   It protects you from fire.
 o - a scarf of repulsion (worn)
Jewellery
 k - a ring of stealth (left claw)
 u - an uncursed ring of ice
Wands
 C - a wand of disintegration (11)
Scrolls
 f - 3 scrolls of fog
 g - 2 scrolls of fear
 j - 6 scrolls of remove curse
 l - 4 scrolls of blinking
 q - 2 scrolls of immolation {unknown}
 s - a scroll of enchant weapon {unknown}
 t - 3 scrolls of teleportation {unknown}
 x - 3 scrolls of enchant armour {unknown}
 B - 2 scrolls of noise {unknown}
 D - 3 scrolls of magic mapping {unknown}
 E - 2 scrolls of amnesia {unknown}
Potions
 a - a potion of magic {unknown}
 c - 4 potions of might
 e - a potion of mutation
 h - 2 potions of resistance
 m - 3 potions of lignification
 n - 3 potions of invisibility
 p - 4 potions of curing
 r - 3 potions of flight
 v - a potion of cancellation {unknown}
 z - 3 potions of agility
 G - a potion of brilliance {unknown}
 H - a potion of berserk rage {unknown}
 K - 2 potions of haste {unknown}
 M - a potion of heal wounds {unknown}
Comestibles
 d - 22 rations


   Skills:
 - Level 7.0 Fighting
 + Level 2.1 Throwing
 - Level 5.0 Armour
 + Level 5.9 Dodging
   Level 2.4 Shields
 + Level 11.6 Unarmed Combat
 - Level 2.0 Spellcasting
 - Level 3.0 Hexes
 - Level 2.0 Charms
 - Level 2.0 Necromancy
 - Level 2.0 Translocations
 - Level 5.4 Invocations


You had 2 spell levels left.
You knew the following spells:

 Your Spells              Type           Power        Failure   Level  Hunger
a - Apportation           Tloc           ##....       6%          1    #......
b - Confusing Touch       Hex            ##....       4%          1    #......
c - Regeneration          Chrm/Necr      ##........   19%         3    ###....
d - Pain                  Necr           ##..         6%          1    #......
e - Vampiric Draining     Necr           ##........   19%         3    ###....
f - Corona                Hex            ##.....      4%          1    #......
g - Ensorcelled Hibernat  Hex/Ice        #.....       12%         2    ##.....

Your spell library contained the following spells:

 Spells                   Type           Power        Failure   Level  Hunger
 Animate Skeleton         Necr           N/A          6%          1    #......
 Summon Small Mammal      Summ           #...         14%         1    #......
 Confuse                  Hex            ##......     13%         3    ###....
 Tukima's Dance           Hex            ##......     13%         3    ###....
 Dazzling Spray           Conj/Hex       #.....       24%         3    ###....
 Recall                   Summ/Tloc      N/A          28%         3    ###....
 Animate Dead             Necr           N/A          54%         4    #####..
 Summon Mana Viper        Hex/Summ       #.......     91%         5    ######.
 Summon Forest            Summ/Tloc      #.........   95%         5    ######.
 Aura of Abjuration       Summ           #.........   99%         5    ######.
 Summon Demon             Summ           #.........   99%         5    ######.
 Shadow Creatures         Summ           N/A          100%        6    #######


Dungeon Overview and Level Annotations

Branches:
Dungeon (10/15)            Temple (1/1) D:4            Lair (4/6) D:9
  Snake (0/4) Lair:2
  Swamp: Lair:2-4    Shoals: Lair:2-4       Orc: D:9-12

Altars:
Ashenzari
Cheibriados
Dithmenos
Elyvilon
Fedhas
Gozag
Hepliaklqana
Kikubaaqudgha
Makhleb
Nemelex Xobeh
Okawaru
Qazlal
Ru
Sif Muna
Trog
Uskayaw
Vehumet
Wu Jian
Xom
Yredelemnul
Zin
The Shining One

Shops:
D:5 :   D:6 (   D:8 :

Annotations:
Lair:3 exclusion: 2 oklob plants


Innate Abilities, Weirdness & Mutations

You are too large for most types of armour.
You have claws for hands.
Your metabolism is lightning-fast.
You like to eat raw meat.
Your natural rate of healing is unusually fast.
You are covered in fur. (AC +1)
You have extremely tough skin. (AC +3)


Message History

You completely miss the blink frog.
The blink frog blinks!
The blink frog hits you!
* * * LOW HITPOINT WARNING * * *
The blink frog hits you but does no damage.
You claw the blink frog!
The blink frog is almost dead.
The blink frog hits you.
* * * LOW HITPOINT WARNING * * *
The blink frog barely misses you.
The blink frog blinks!
You mangle the blink frog!!
The blink frog is almost dead.
The blink frog closely misses you.
The blink frog hits you but does no damage.
The blink frog blinks!
The blink frog barely misses you.
You scratch the blink frog.
The blink frog is almost dead.
The blink frog hits you!
* * * LOW HITPOINT WARNING * * *
The blink frog barely misses you. The blink frog hits you!!
You die...

## ### #.#
#.#########
######(##.#..#..#.##
....................
..(....@F...........
......FF............
......F......§......
..........§.........
....................
.......(............
..........F.........
....................
..................


You could see 5 blink frogs.

Vanquished Creatures
  A two-headed ogre (D:8)
  Pikel (D:6)
  A salamander (Lair:4)
  A spiny frog (Lair:2)
  A rime drake (Lair:1)
  2 polar bears
  5 blink frogs (Lair:1)
  3 hippogriffs
  Sigmund (D:3)
  2 wyverns (D:8)
  16 yaks
  5 basilisks
  A hungry ghost (D:7)
  Menkaure (D:6)
  2 nagas (Lair:2)
  9 water moccasins
  5 porcupines
  2 orc warriors (D:8)
  2 slaves (D:6)
  7 ogres
  A black bear (D:7)
  5 centaurs
  13 crocodiles
  15 bullfrogs
  A big kobold (D:7)
  A gnoll sergeant (D:8)
  2 scorpions
  8 killer bees
  A howler monkey (D:7)
  4 wights (D:8)
  3 crimson imps
  A bullfrog zombie (D:9)
  4 hounds
  5 orc priests
  7 orc wizards
  6 jellies
  A bullfrog skeleton (D:5)
  3 centaur skeletons
  Jessica (D:2)
  3 iguanas
  Terence (D:2)
  5 worker ants
  Natasha (twice) (D:2)
  2 worker ant zombies (D:7)
  Robin (D:3)
  14 gnolls
  A howler monkey skeleton (D:5)
  17 adders
  3 shadow imps
  5 oozes (D:8)
  A worm (D:3)
  3 dart slugs
  4 leopard geckos
  34 orcs
  6 bats
  7 giant cockroaches
  17 goblins
  19 hobgoblins
  6 jackals
  20 kobolds
  4 quokkas
  2 ball pythons
  A ball python skeleton (D:4)
  5 frilled lizards
  A jackal skeleton (D:5)
  A jackal zombie (D:5)
  6 rats
341 creatures vanquished.

Vanquished Creatures (others)
  2 slaves (D:6)
  An orc (D:6)
  A goblin (D:3)
  A leopard gecko skeleton (D:6)
  3 fungi (D:9)
8 creatures vanquished.

Grand Total: 349 creatures vanquished

Notes
Turn   | Place    | Note
-------+----------+-------------------------------------------
     0 | D:1      | Gildeon the Troll Fighter began the quest for the Orb.
     0 | D:1      | Reached XP level 1. HP: 22/22 MP: 0/0
   237 | D:1      | Reached XP level 2. HP: 29/29 MP: 1/1
   764 | D:2      | Reached XP level 3. HP: 27/36 MP: 2/2
   843 | D:2      | Noticed Jessica
   846 | D:2      | Killed Jessica
   899 | D:2      | Noticed Natasha
   903 | D:2      | Reached skill level 3 in Unarmed Combat
   903 | D:2      | Reached XP level 4. HP: 39/45 MP: 3/3
   908 | D:2      | Killed Natasha
   918 | D:2      | Noticed Terence
   934 | D:2      | Killed Terence
  1300 | D:2      | Noticed Natasha
  1309 | D:2      | Killed Natasha
  1309 | D:2      | Reached XP level 5. HP: 52/53 MP: 4/4
  1683 | D:3      | Found a shimmering altar of Xom.
  1686 | D:3      | Found a shattered altar of Ashenzari.
  1686 | D:3      | Found a sparkling altar of Nemelex Xobeh.
  1795 | D:3      | Noticed Robin
  1801 | D:3      | Killed Robin
  1801 | D:3      | Reached skill level 4 in Unarmed Combat
  1801 | D:3      | Reached XP level 6. HP: 55/62 MP: 5/5
  2093 | D:3      | Noticed Sigmund
  2101 | D:3      | Killed Sigmund
  2487 | D:4      | Found a staircase to the Ecumenical Temple.
  2492 | D:4      | Reached XP level 7. HP: 71/71 MP: 6/6
  2508 | Temple   | Entered the Ecumenical Temple
  2720 | Temple   | Became a worshipper of Cheibriados the Contemplative
  2806 | D:4      | Reached skill level 5 in Unarmed Combat
  3287 | D:5      | Entered Level 5 of the Dungeon
  3326 | D:5      | Found Guojinn's Book Boutique.
  3347 | D:5      | Reached * piety under Cheibriados
  3430 | D:5      | Reached skill level 5 in Fighting
  3529 | D:5      | Reached skill level 5 in Dodging
  3529 | D:5      | Reached XP level 8. HP: 74/80 MP: 7/7
  3555 | D:5      | Bought a book of Cantrips for 240 gold pieces
  3557 | D:5      | Learned a level 1 spell: Apportation
  3559 | D:5      | Learned a level 1 spell: Confusing Touch
  3631 | D:5      | Reached skill level 1 in Armour
  3670 | D:5      | Reached skill level 1 in Invocations
  3889 | D:6      | Reached skill level 6 in Unarmed Combat
  3894 | D:6      | Noticed Pikel
  3908 | D:6      | Killed Pikel
  4033 | D:6      | Found Liomn's Weapon Emporium.
  4259 | D:6      | Reached ** piety under Cheibriados
  4638 | D:6      | Noticed Menkaure
  4643 | D:6      | Killed Menkaure
  4643 | D:6      | Reached skill level 7 in Unarmed Combat
  4643 | D:6      | Reached XP level 9. HP: 71/88 MP: 10/10
  4700 | D:6      | Reached *** piety under Cheibriados
  4789 | D:7      | Found an iron altar of Okawaru.
  5482 | D:8      | Reached **** piety under Cheibriados
  5508 | D:8      | Noticed a two-headed ogre
  5511 | D:8      | Killed a two-headed ogre
  5511 | D:8      | Reached skill level 5 in Armour
  5511 | D:8      | Reached skill level 8 in Unarmed Combat
  5511 | D:8      | Reached skill level 5 in Invocations
  5797 | D:8      | Reached XP level 10. HP: 92/96 MP: 13/13
  5803 | D:8      | Reached skill level 1 in Spellcasting
  5803 | D:8      | Reached skill level 1 in Hexes
  5816 | D:8      | Reached skill level 9 in Unarmed Combat
  6083 | D:8      | Reached ***** piety under Cheibriados
  6439 | D:8      | Found Dezis's Book Boutique.
  6776 | D:9      | Reached skill level 1 in Translocations
  6850 | D:9      | Reached skill level 10 in Unarmed Combat
  6949 | D:9      | Found a radiant altar of Vehumet.
  7115 | D:9      | Reached skill level 1 in Throwing
  7208 | D:9      | Found a staircase to the Lair.
  7291 | D:9      | Reached ****** piety under Cheibriados
  7291 | D:9      | Reached XP level 11. HP: 105/105 MP: 14/14
  7450 | D:9      | Got a fine robe
  7461 | D:9      | Identified the +2 robe of Understanding {rF+} (You found it
                  | on level 9 of the Dungeon)
  7742 | D:9      | Got a transparent rapier
  7790 | D:10     | Entered Level 10 of the Dungeon
  7839 | Lair:1   | Entered Level 1 of the Lair of Beasts
  8238 | Lair:1   | Learned a level 3 spell: Regeneration
  8495 | Lair:1   | Reached skill level 11 in Unarmed Combat
  8498 | Lair:1   | Learned a level 1 spell: Pain
  8502 | Lair:1   | Learned a level 3 spell: Vampiric Draining
  8659 | Lair:2   | Reached skill level 1 in Charms
  8887 | Lair:2   | Found a staircase to the Snake Pit.
  9231 | Lair:2   | Learned a level 1 spell: Corona
  9234 | Lair:2   | Learned a level 2 spell: Ensorcelled Hibernation
  9431 | Lair:3   | Noticed an oklob plant
  9808 | Lair:3   | Reached skill level 1 in Necromancy
  9853 | Lair:3   | Noticed an oklob plant
 10653 | Lair:4   | Found a hazy altar of Hepliaklqana.
 10704 | Lair:4   | Slain by a blink frog

Skill      XL: |  1  2  3  4  5  6  7  8  9 10 11 |
---------------+----------------------------------+-----
Fighting       | 3 4 5 6 7 |  7.0
Dodging        | 3 4 5 |  5.9
Unarmed Combat | 3 4 5 7 8 10 11 | 11.6
Armour         | 3 5 |  5.0
Invocations    | 3 5 |  5.4
Spellcasting   | 2 |  2.0
Hexes          | 2 3 |  3.0
Translocations | 2 |  2.0
Throwing       | 1 2 |  2.1
Charms         | 2 |  2.0
Necromancy     | 2 |  2.0
Shields        | |  2.4

Action                   |  1- 3 |  4- 6 |  7- 9 | 10-12 || total
-------------------------+-------+-------+-------+-------++-------
Melee: Unarmed           |    60 |   164 |   262 |   314 ||   800
       Punch             |       |     2 |    12 |    17 ||    31
Throw: Javelin           |       |    12 |    49 |    25 ||    86
       Tomahawk          |       |       |    26 |   148 ||   174
       Throwing net      |       |       |     1 |     2 ||     3
 Cast: Apportation       |       |       |       |     1 ||     1
Evoke: Wand              |       |       |     3 |       ||     3
  Use: Scroll            |     3 |     4 |     2 |     5 ||    14
       Potion            |       |       |       |     2 ||     2
 Stab: Sleeping          |       |       |    10 |     5 ||    15
  Eat: Chunk             |    14 |    14 |    27 |    35 ||    90
Armor: Robe              |    31 |    67 |    73 |    94 ||   265
Dodge: Dodged            |    29 |   107 |   127 |   285 ||   548
       Deflected         |       |     4 |     8 |     6 ||    18
